 Dungeon Crawl Stone Soup version 0.26-a0-712-ga5a9c9c9d0 (webtiles) character file.

Game seed: 11195765570685803146

49452 kae the Transmogrifier (level 14, -2/154 (156) HPs)
             Began as a Naga Transmuter on Nov 2, 2020.
             Was the Champion of Cheibriados.
             Slain by a cane toad (8 damage)
             ... while petrified by you
             ... on level 6 of the Lair of Beasts.
             The game lasted 00:19:40 (23338 turns).

kae the Transmogrifier (Naga Transmuter)           Turns: 23338, Time: 00:19:40

HP:   -2/154 (156)  AC: 12    Str: 34    XL:     14   Next: 50%
MP:   19/19         EV:  1    Int: 30    God:    Cheibriados [******]
Gold: 1354          SH:  0    Dex: 30    Spells: 10/23 levels left

rFire    x . .     SeeInvis +     - Unarmed
rCold    + + +     Faith    .   (shield currently unavailable)
rNeg     + + +     Spirit   .   (armour currently unavailable)
rPois    ∞         Reflect  .   (helmet currently unavailable)
rElec    .         Harm     .   (cloak currently unavailable)
rCorr    .         Rampage  .   (gloves currently unavailable)
MR       +....                  (no barding)
Stlth    +++++.....             O - amulet of the acrobat
HPRegen  0.35/turn              s - ring "Weitritt" {AC+4 Dex+4}
MPRegen  0.16/turn              w - +4 ring of slaying

@: ice-form, petrified, marked, heavily drained, very slow
A: large, see invisible, low mp 1, spit poison 1, strong 1, AC +4
a: Spit Poison, End Transformation, Bend Time, Temporal Distortion, Slouch, Step
From Time, Renounce Religion


You were on level 6 of the Lair of Beasts.
You worshipped Cheibriados.
Cheibriados was exalted by your worship.
You were a creature of crystalline ice.
You visited 3 branches of the dungeon, and saw 19 of its levels.
You also visited: Ice Cave.

You collected 1354 gold pieces.

Inventory:

Armour
 d - a +2 cloak (melded)
 t - +2 pearl dragon scales
 A - the +4 moon troll leather armour (melded) {Spirit, Regen++ MP+5}
   (You found it on level 9 of the Dungeon)

   It affects your magic capacity (+5).
   It increases your rate of regeneration.
 F - a +2 pair of gloves (melded)
 I - +0 swamp dragon scales
Jewellery
 l - an uncursed ring of ice
 s - the ring "Weitritt" (left front paw) {AC+4 Dex+4}
   (You found it on level 6 of the Dungeon)

   [ring of protection]

   It affects your AC (+4).
   It affects your dexterity (+4).
 w - a +4 ring of slaying (right front paw)
 E - an uncursed ring of resist corrosion
 G - an uncursed ring of ice
 H - an uncursed ring of protection from cold
 N - an uncursed ring of wizardry
 O - an amulet of the acrobat (around neck)
Wands
 k - a wand of digging (9)
 o - a wand of disintegration (26)
 q - a wand of polymorph (6)
 z - a wand of iceblast (8)
 C - a wand of flame (17)
 M - a wand of acid (8)
Scrolls
 i - 9 scrolls of identify
 j - 7 scrolls of remove curse
 r - 3 scrolls of enchant weapon
 u - 3 scrolls of magic mapping
 x - a scroll of amnesia
 y - 2 scrolls of enchant armour
 D - 2 scrolls of fog
 J - a scroll of blinking
 L - 2 scrolls of teleportation
Potions
 a - 4 potions of magic
 b - 3 potions of flight
 c - 3 potions of berserk rage
 e - a potion of invisibility
 g - 6 potions of haste
 h - a potion of ambrosia
 m - 3 potions of resistance
 n - 2 potions of might
 p - a potion of cancellation
 v - 3 potions of curing
 B - 2 potions of mutation
 K - 2 potions of stabbing


   Skills:
 + Level 9.9(8.4) Fighting
 - Level 5.0(3.6) Armour
 - Level 8.0(6.5) Dodging
 - Level 11.0(9.4) Stealth
 - Level 12.0(10.4) Unarmed Combat
 - Level 5.0(3.6) Spellcasting
 - Level 12.0(10.4) Transmutations
 - Level 4.0(2.7) Ice Magic
 - Level 3.0(1.7) Poison Magic
 - Level 7.0(5.6) Invocations


You had 10 spell levels left.
You knew the following spells:

 Your Spells              Type           Power        Failure   Level
a - Beastly Appendage     Tmut           ######       1%          1
b - Spider Form           Tmut/Pois      #####.....   1%          3
c - Blade Hands           Tmut           ######....   2%          5
d - Ice Form              Ice/Tmut       #####...     4%          4

Your spell library contained the following spells:

 Spells                   Type           Power        Failure   Level
 Wereblood                Tmut           ######..     1%          2
 Summon Small Mammal      Summ           #...         7%          1
 Poisonous Vapours        Pois/Air       ##....       7%          2
 Blink                    Tloc           N/A          10%         2
 Call Imp                 Summ           #.......     10%         2
 Mephitic Cloud           Conj/Pois/Air  #.......     16%         3
 Call Canine Familiar     Summ           #.......     21%         3
 Conjure Flame            Conj/Fire      #.......     21%         3
 Gell's Gravitas          Tloc           #.........   21%         3
 Lesser Beckoning         Tloc           #.........   21%         3
 Summon Guardian Golem    Hex/Summ       #.......     21%         3
 Teleport Other           Tloc           #.......     21%         3
 Summon Ice Beast         Ice/Summ       ##......     36%         4
 Passage of Golubria      Tloc           N/A          54%         4
 Summon Lightning Spire   Summ/Air       #.......     54%         4
 Freezing Cloud           Conj/Ice/Air   ##........   100%        6


Dungeon Overview and Level Annotations

Branches:
Dungeon (12/15)            Temple (1/1) D:7            Lair (6/6) D:8
  Swamp (0/4) Lair:4        Snake (0/4) Lair:2        Slime (0/5) Lair:5
    Orc (0/2) D:10          IceCv (visited)

Altars:
Ashenzari
Cheibriados
Elyvilon
Gozag
Hepliaklqana
Kikubaaqudgha
Makhleb
Nemelex Xobeh
Okawaru
Qazlal
Ru
Sif Muna
Trog
Uskayaw
Vehumet
Wu Jian
Yredelemnul
Zin
The Shining One
Jiyva

Shops:
D:9 (

Annotations:
D:8 exclusion: two-headed ogre
D:9 1 runed translucent door, p0werm0de's ghost, novice MiFi
D:11 3 runed translucent doors, p0werm0de's ghost, journeyman MiFi
Lair:5 exclusion: 3 oklob plants


Innate Abilities, Weirdness & Mutations

You cannot wear boots.
((Your serpentine skin is tough. (AC +4)))
You have supernaturally acute eyesight. (SInv)
((Armour fits poorly on your strangely shaped body.))
((Your system is resistant to poisons. (rPois)))
((You cover ground very slowly.))
You can spit poison.
((You can use your snake-like lower body to constrict enemies.))
((You are partially covered in iridescent scales. (AC +2)))
((You are partially covered in slimy green scales. (AC +2)))
Your magical capacity is low. (-10% MP)
Your muscles are strong. (Str +2)


Message History

The blink frog is engulfed in calcifying dust.
The elephant tramples you.
* * * LOW HITPOINT WARNING * * *
You hold your ground!
The elephant trunk-slaps you but does no damage.
You are engulfed in calcifying dust.
The cane toad stings you.
* * * LOW HITPOINT WARNING * * *
The black mamba bites you!!
* * * LOW HITPOINT WARNING * * *
The blink frog is engulfed in calcifying dust.
The elephant is engulfed in calcifying dust.
The elephant stops moving altogether!
The elephant tramples you!
* * * LOW HITPOINT WARNING * * *
You hold your ground!
The elephant trunk-slaps you but does no damage.
The blink frog is engulfed in calcifying dust.
The catoblepas gores you!!
* * * LOW HITPOINT WARNING * * *
The cane toad stings you!
You die...

## #######P##
#######..#.#PF.###..
....lt§l.YFYYYYl....
.##...##..SSYYY##..#
### ##.YSYY#D..#
##SFY#.#.... .....##
..# #..§..# ..
#....#.. . ##..F###


You could see a catoblepas, a seven-headed hydra, 9 elephants, a komodo dragon,
a black mamba, a cane toad, 3 blink frogs and 3 water moccasins.

Vanquished Creatures
  Kirke (Lair:5)
  A frost giant (IceCv)
  Harold (D:7)
  5 hydras
  A boulder beetle (D:12)
  6 death yaks
  4 two-headed ogres
  Urug (D:12)
  2 ugly things (D:12)
  A manticore (D:12)
  Joseph (D:7)
  Psyche (D:11)
  2 black mambas (Lair:2)
  8 cane toads
  2 torpor snails
  2 gargoyles
  2 ice devils (Lair:3)
  10 komodo dragons
  2 rime drakes
  18 polar bears
  Grinder (D:5)
  13 blink frogs
  2 dream sheep (Lair:3)
  A hornet (D:9)
  A hog (Lair:5)
  4 basilisks
  2 wyverns
  42 yaks
  Grum (D:8)
  A steam dragon (D:8)
  3 nagas (Lair:2)
  7 water moccasins
  An acid dragon (D:10)
  7 black bears
  5 orc warriors
  2 ice beasts
  A phantom (D:12)
  A necrophage (D:8)
  6 ogres
  5 boggarts (D:10)
  26 wolves
  12 centaurs
  2 big kobolds
  10 bullfrogs
  2 gnoll sergeants
  A water moccasin skeleton (D:6)
  23 killer bees
  6 scorpions
  5 wights (D:10)
  An electric eel (Lair:4)
  4 howler monkeys
  2 centaur zombies
  A bullfrog zombie (D:12)
  8 hounds
  5 orc priests
  5 jellies
  A centaur skeleton (D:4)
  9 orc wizards
  5 bullfrog skeletons
  Terence (D:2)
  Crazy Yiuf (D:2)
  11 hell rats
  3 iguanas
  14 worker ants
  A hound zombie (D:9)
  3 hound skeletons
  A howler monkey skeleton (D:6)
  3 worker ant zombies (D:10)
  12 gnolls
  9 adders
  2 shadow imps
  4 white imps
  2 ufetubi
  An adder zombie (D:9)
  2 adder skeletons
  2 worms
  A dart slug (D:3)
  5 leopard geckos
  31 orcs
  9 bats
  A giant cockroach (D:1)
  6 goblins
  5 hobgoblins
  6 jackals (D:3)
  A ball python (D:4)
  4 frilled lizards
  A giant cockroach zombie (D:5)
  20 kobolds
  A leopard gecko skeleton (D:4)
  A leopard gecko zombie (D:5)
  A quokka skeleton (D:5)
  A quokka zombie (D:9)
  2 rats
473 creatures vanquished.

Vanquished Creatures (others)
  39 fungi
  43 plants
  2 withered plants (D:9)
84 creatures vanquished.

Grand Total: 557 creatures vanquished

Notes
Turn   | Place    | Note
-------+----------+-------------------------------------------
     0 | D:1      | kae the Naga Transmuter began the quest for the Orb.
     0 | D:1      | Reached XP level 1. HP: 18/18 MP: 3/3
   211 | D:1      | Reached XP level 2. HP: 6/25 MP: 1/5
  1314 | D:2      | Reached XP level 3. HP: 31/31 MP: 4/6
  1319 | D:2      | Learned a level 3 spell: Spider Form
  1608 | D:2      | Reached skill level 1 in Poison Magic
  1780 | D:2      | Noticed Terence
  1785 | D:2      | Reached XP level 4. HP: 14/38 MP: 4/7
  1793 | D:2      | Gained mutation: You are partially covered in slimy green
                  | scales. (AC +2) [potion of mutation]
  1793 | D:2      | Gained mutation: You are partially covered in iridescent
                  | scales. (AC +2) [potion of mutation]
  1793 | D:2      | Gained mutation: Your magical capacity is low. (-10% MP)
                  | [potion of mutation]
  1793 | D:2      | Gained mutation: Your muscles are strong. (Str +2) [potion
                  | of mutation]
  1802 | D:2      | Killed Terence
  2185 | D:2      | Found a runed translucent door.
  2186 | D:2      | Noticed Crazy Yiuf
  2336 | D:2      | Killed Crazy Yiuf
  2336 | D:2      | Reached XP level 5. HP: 22/44 MP: 3/7
  4058 | D:4      | Reached XP level 6. HP: 47/51 MP: 4/8
  4560 | D:5      | Entered Level 5 of the Dungeon
  4579 | D:4      | Reached skill level 5 in Transmutations
  4968 | D:5      | Reached XP level 7. HP: 53/57 MP: 5/9
  5181 | D:5      | Reached skill level 5 in Unarmed Combat
  5439 | D:5      | Noticed Grinder
  5459 | D:5      | Killed Grinder
  5941 | D:6      | Reached XP level 8. HP: 36/64 MP: 7/9
  7028 | D:6      | Got a pitted wooden ring
  7227 | D:6      | Identified the ring "Weitritt" {AC+4 Dex+4} (You found it
                  | on level 6 of the Dungeon)
  7704 | D:7      | Found a staircase to the Ecumenical Temple.
  7713 | Temple   | Entered the Ecumenical Temple
  7789 | Temple   | Became a worshipper of Cheibriados the Contemplative
  7858 | D:7      | Noticed Harold
  7884 | D:7      | Killed Harold
  7884 | D:7      | Reached skill level 10 in Transmutations
  7884 | D:7      | Reached XP level 9. HP: 64/70 MP: 8/10
  8314 | D:7      | Noticed Joseph
  8335 | D:7      | Killed Joseph
  9113 | D:8      | Reached * piety under Cheibriados
  9166 | D:8      | Reached XP level 10. HP: 44/78 MP: 5/11
  9319 | D:8      | Noticed Grum
  9339 | D:8      | Killed Grum
  9954 | D:7      | Learned a level 5 spell: Blade Hands
 10129 | D:8      | Reached ** piety under Cheibriados
 10219 | D:8      | Learned a level 4 spell: Ice Form
 10605 | D:8      | Reached skill level 5 in Fighting
 10675 | D:8      | Found a staircase to the Lair.
 11736 | D:8      | Noticed a two-headed ogre
 11929 | D:9      | Reached *** piety under Cheibriados
 12227 | D:9      | Found a stormy altar of Qazlal.
 12407 | D:9      | Reached skill level 5 in Dodging
 12529 | D:9      | Found Nuebawue's Antique Weapon Shop.
 12539 | D:9      | Reached skill level 1 in Ice Magic
 12745 | D:9      | Reached XP level 11. HP: 69/93 MP: 2/12
 12885 | D:9      | Noticed a two-headed ogre
 12891 | D:9      | Killed a two-headed ogre
 12923 | D:9      | Found a runed translucent door.
 12923 | D:9      | Noticed p0werm0de's ghost (novice MiFi)
 12945 | D:9      | Found the +4 moon troll leather armour {Spirit, Regen++
                  | MP+5}
 13306 | D:10     | Entered Level 10 of the Dungeon
 13315 | D:10     | Reached **** piety under Cheibriados
 13434 | D:10     | Reached skill level 5 in Invocations
 13586 | D:10     | Found a staircase to the Orcish Mines.
 13604 | D:10     | Reached ***** piety under Cheibriados
 13912 | D:10     | Reached skill level 1 in Armour
 14426 | D:11     | Found a runed translucent gate.
 14429 | D:11     | Found a runed translucent gate.
 14479 | D:11     | Noticed p0werm0de's ghost (journeyman MiFi)
 14483 | D:11     | Found a runed translucent gate.
 14540 | D:11     | Noticed Psyche
 14551 | D:11     | You fall into a shaft and drop 1 floor!
 14552 | D:12     | Noticed a boulder beetle
 14561 | D:12     | Killed a boulder beetle
 14613 | D:12     | Noticed Urug
 14615 | D:12     | Reached skill level 5 in Armour
 14624 | D:12     | Killed Urug
 14624 | D:12     | Reached XP level 12. HP: 54/102 MP: 10/15
 15242 | D:11     | Noticed a two-headed ogre
 15249 | D:11     | Reached ****** piety under Cheibriados
 15252 | D:11     | Killed a two-headed ogre
 15384 | D:11     | Noticed a two-headed ogre
 15391 | D:11     | Killed a two-headed ogre
 15401 | D:11     | Reached skill level 5 in Spellcasting
 15452 | D:11     | Killed Psyche
 15454 | D:11     | Reached skill level 1 in Stealth
 15543 | D:11     | Noticed a two-headed ogre
 15547 | D:11     | Killed a two-headed ogre
 15898 | Lair:1   | Entered Level 1 of the Lair of Beasts
 15926 | Lair:1   | Noticed a four-headed hydra
 15936 | Lair:1   | Killed a four-headed hydra
 17446 | Lair:2   | Reached skill level 10 in Stealth
 17543 | Lair:2   | Found a staircase to the Snake Pit.
 17549 | Lair:2   | Gained mutation: You can use your snake-like lower body to
                  | constrict enemies. [Naga growth]
 17549 | Lair:2   | Reached XP level 13. HP: 116/116 MP: 18/18
 18477 | Lair:3   | Found a frozen archway.
 18506 | IceCv    | Entered an ice cave
 18865 | IceCv    | Reached skill level 10 in Unarmed Combat
 19092 | IceCv    | Noticed a frost giant
 19113 | IceCv    | Killed a frost giant
 19913 | Lair:3   | Reached XP level 14. HP: 34/125 MP: 6/19
 21206 | Lair:4   | Found a staircase to the Swamp.
 22497 | Lair:5   | Found a staircase to the Slime Pits.
 22497 | Lair:5   | Found a viscous altar of Jiyva.
 22747 | Lair:5   | Noticed Kirke
 22758 | Lair:5   | Killed Kirke
 23316 | Lair:6   | Entered Level 6 of the Lair of Beasts
 23338 | Lair:6   | HP: 6/154 [catoblepas (13)]
 23338 | Lair:6   | Slain by a cane toad

Illustrated notes

Levels and vault maps discovered:
D:1:      tarquinn_simple_flora_water_a, layout_rooms
D:2:      layout_rooms, uniq_crazy_yiuf_cottage, uniq_terence
D:3:      layout_basic
D:4:      layout_rooms, minmay_crystal_room
D:5:      layout_basic, uniq_grinder
D:6:      layout_rooms, columned_hall_lemuel
D:7:      layout_loops_ring, temple_hall, minmay_misc_feat_hallway, uniq_harold,
          uniq_joseph
D:8:      layout_loops_cross, grunt_lair_entry_orc_guard_hut, minivault_26,
          centaur_isle, uniq_grum
D:9:      layout_gridville, nicolae_qazlal_general_emergency,
          gammafunk_ghost_grave, serial_shops, nicolae_shop_window_shopping,
          kennysheep_generic_room_12
D:10:     layout_small_grid, orc_0_dummy
D:11:     layout_rooms, ebering_ghost_rock_garden, uniq_psyche
D:12:     layout_cave_pools, kennysheep_generic_room_9, uniq_urug
Temple:   regret_index_temple_sigil_plot
Lair:1:   layout_hall_layers, infiniplex_staircase_pool_2
Lair:2:   layout_regular_city, minmay_snake_entry_guardpost_small
Lair:3:   layout_regular_city, portal_ice_cave_demonic_guard
Lair:4:   layout_layer_cave, swamp_mist_pool, lemuel_fruit_tree, uniq_rupert
Lair:5:   layout_cave_pods, slime_altar_1, grunt_megastairs_2,
          minmay_lair_oklob_chamber, uniq_kirke
Lair:6:   due_jungle_book, layout_regular_city

Skill      XL: |  1  2  3  4  5  6  7  8  9 10 11 12 13 14 |
---------------+-------------------------------------------+-----
Transmutations | 3 4 5 7 10 11 12 | 12.0
Poison Magic   | 1 2 3 |  3.0
Unarmed Combat | 4 5 7 8 9 11 12 | 12.0
Fighting       | 5 8 9 |  9.9
Dodging        | 5 7 8 |  8.0
Ice Magic      | 3 4 |  4.0
Invocations    | 7 |  7.0
Armour         | 5 |  5.0
Spellcasting   | 5 |  5.0
Stealth        | 10 11 | 11.0

Action                   |  1- 3 |  4- 6 |  7- 9 | 10-12 | 13-15 || total
-------------------------+-------+-------+-------+-------+-------++-------
Melee: Unarmed           |   103 |   164 |   227 |   400 |   337 ||  1231
       Headbutt          |     6 |     3 |       |       |       ||     9
       Punch             |     1 |     1 |     1 |     9 |    12 ||    24
       Constrict         |       |       |       |       |    50 ||    50
 Cast: Beastly Appendage |    16 |     9 |       |       |       ||    25
       Spider Form       |     2 |    18 |    35 |     6 |     2 ||    63
       Blade Hands       |       |       |       |    50 |    28 ||    78
       Ice Form          |       |       |       |    14 |    18 ||    32
Invok: Slouch            |       |       |       |     1 |       ||     1
       Bend Time         |       |       |       |       |     1 ||     1
 Abil: Spit Poison       |    13 |     9 |     2 |     3 |     2 ||    29
  Use: Potion            |     2 |     4 |     1 |       |       ||     7
       Scroll            |       |     9 |     7 |     7 |    10 ||    33
 Stab: Sleeping          |       |     2 |     1 |     4 |     7 ||    14
       Distracted        |       |       |       |       |     1 ||     1
Armor: Skin              |    18 |    24 |    11 |    24 |    76 ||   153
       Robe              |    39 |    48 |    10 |    28 |       ||   125
       Steam dragon scal |       |       |       |    24 |       ||    24
       Troll leather arm |       |       |       |   122 |   165 ||   287
Dodge: Dodged            |    96 |   220 |   180 |   396 |   391 ||  1283

Table legend: (Time is in decaauts)
 A = Elapsed time spent in this place.
 B = Non-inter-level travel time spent in this place.
 C = Inter-level travel time spent in this place.
 D = Time resting spent in this place.
 E = Time spent auto-exploring this place.
 F = Levels seen in this place.
 G = Mean time per level.
                   A        B        C        D        E       F      G
               +--------+--------+--------+--------+--------+-----+--------+
         Total |  35116 |  33586 |   1530 |   3384 |  26250 |  20 | 1755.8 |
       Dungeon |  20746 |  19862 |    884 |   2359 |  14888 |  12 | 1728.8 |
        Temple |    156 |     96 |     60 |      0 |     92 |   1 |  156.0 |
          Lair |  13049 |  12464 |    585 |    849 |  10618 |   6 | 2174.8 |
      Ice Cave |   1164 |   1164 |      0 |    176 |    651 |   1 | 1164.0 |
               +--------+--------+--------+--------+--------+-----+--------+

Top non-repeatable levels by time:
     D:8: 3007 daAuts
  Lair:1: 2873 daAuts
  Lair:5: 2783 daAuts
  Lair:3: 2737 daAuts
     D:7: 2678 daAuts
     D:9: 2384 daAuts
  Lair:2: 2354 daAuts
  Lair:4: 2267 daAuts
    D:10: 1843 daAuts
     D:3: 1647 daAuts
     D:2: 1543 daAuts
     D:5: 1498 daAuts
     D:6: 1439 daAuts
     D:1: 1333 daAuts
    D:12: 1291 daAuts
